[Event "E Women's Candidates Tournament 2022"]
[Site "Chess.com"]
[Date "2022.11.29"]
[Round "1"]
[White "Kosteniuk, Alexandra"]
[Black "Goryachkina, Aleksandra"]
[Result "1/2-1/2"]
[WhiteElo "2521"]
[BlackElo "2584"]
[ECO "C65"]
[EventDate "2022.??.??"]
[Annotator "rafael"]
[PlyCount "81"]
[Beauty "6118449350150"]
[EventType "team-tourn"]
[EventCountry "FID"]
[TimeControl "5400+30"]

1.e4 e5 2.Nf3 Nc6 3.Bb5 Nf6 4.d3 Bc5 5.Bxc6 dxc6 6.Nbd2 Nd7 7.O-O O-O 8.Nc4 Re8 9.Kh1 $5 {[%c_effect h1;square;h1;type;Interesting;persistent;true] Not a very popular move, but it was played in two important games in 2022 by Ukrainian GM Kirill Shevchenko. GMs Viswanathan Anand and Fabiano Caruana, among others, have also tried this move in older games. The main idea of the mystery king move is to prepare the f-pawn advance and also vacate the g1-square for the white knight, which can maneuver via g1-e2-g3, as will happen in the game. Of course, it's hard to believe that this plan gives White an objective advantage, but what is sought in this line is a middlegame position that allows for the creation of imbalance.} 9...b6 {A theoretical novelty. The move is natural, as the pawn on b6 is useful to reinforce the structure after the c6-c5 move, something that will inevitably happen sooner or later. Furthermore, the bishop can be developed on b7 in some cases.} ( 9...f6 10.Nh4 Nf8 11.Be3 {was Shevchenko - Mekhitarian, Chennai 2022.} ) ( 9...a5 10.a4 b6 11.g3 Qe7 12.Be3 {was Shevchenko - Seo, Mayrhofen 2022.} ) ( 9...Bf8 10.Ng1 $5 {[%c_effect g1;square;g1;type;Interesting;persistent;true] Caruana showed the way in a Titled Tuesday game. Online blitz games of elite players are also part of opening theory nowadays.} 10...Nc5 11.Ne2 {Caruana - Petrosyan, Chess.com 2020.} ) 10.Ng1 {Kosteniuk sticks to the expected plan.} 10...Nf8 {Continuing the dance with the knights.} 11.Ne2 ( 11.f4 {is premature.} 11...exf4 12.Bxf4 Ng6 13.Bg3 Be6 {With a comfortable position for Black.} ) 11...Ng6 12.Ng3 {White gives up the f4 break.} ( 12.f4 exf4 13.Nxf4 Nxf4 14.Bxf4 Be6 {The position is equal.} ) 12...Be6 13.Ne3 f6 14.Ngf5 {This move is the beginning of White's problems, as it won't be easy to execute a promising plan after this. It seems correct to take the other knight to f5: in that case, White could transfer the queen to g4 and then play h4-h5. It's always nice when we know what our next moves will be in an ideal world.} ( 14.Nef5 {A possible continuation is:} 14...Bf8 15.Qg4 Kh8 16.h4 Ne7 17.h5 Qd7 18.Be3 c5 19.b3 {and the position is still roughly equal, but it seems better for White than in the game. He can try to play f2-f4 and build up some play on the kingside.} ) 14...Qd7 15.Qf3 Kh8 16.Rg1 {Kosteniuk clearly wants to advance the g-pawn.} 16...Nf4 $1 17.g3 $6 {[%c_effect g3;square;g3;type;Inaccuracy;persistent;true] Now White's position is worse.} ( 17.Rd1 $1 {[%c_effect d1;square;d1;type;GreatFind;persistent;true] is better, preparing to play d4. After} 17...Ng6 {White can decide whether to offer a move repetition or to keep fighting.} ) 17...Nh3 18.Rf1 Ng5 19.Qe2 Nf7 {The knight now defends the king and can still maneuver up to d4. Also, now the way is clear to play g6 and drive out the white knight. It's worth remembering that, without the light-squared bishop, White can have serious problems if the position opens up since his king won't be safe.} 20.b3 Nd6 21.Nh4 ( 21.g4 {White is not able to protect the knight since Black can always play g6.} 21...g6 ) 21...Nb5 {This knight is a real worker $1} 22.Bb2 Bd4 $1 {[%c_effect d4;square;d4;type;GreatFind;persistent;true] It's useful to exchange the bishop so the pawn can move to c5.} 23.Bxd4 Nxd4 ( 23...exd4 $5 {[%c_effect d4;square;d4;type;Interesting;persistent;true] is also possible, but after} 24.Nd1 f5 25.a4 Nd6 26.f3 {the white knights will be placed on g2 and f2 with a solid position, despite Black's advantage.} ) 24.Qd1 c5 25.c3 $6 {[%c_effect c3;square;c3;type;Inaccuracy;persistent;true] Removing the knight from d4 is very costly, as the pawns are weakened.} ( 25.f4 $1 {[%c_effect f4;square;f4;type;GreatFind;persistent;true] is better, creating immediate counterplay.} ) 25...Nc6 26.Qe2 a5 $1 {[%c_effect a5;square;a5;type;GreatFind;persistent;true] Black has a comfortable advantage, thanks to the better pawn structure.} 27.f4 a4 28.Rab1 axb3 29.axb3 Red8 30.Rfd1 Ra3 31.Qc2 b5 $5 {[%c_effect b5;square;b5;type;Interesting;persistent;true] Preparing Qf7 without White being able to put the knight on c4. Furthermore, a plan with b5-b4 is also possible.} ( 31...Qf7 32.Nc4 ) 32.Nf3 Qf7 33.Nd2 ( 33.c4 {Perhaps this move is better, but it further weakens the position.} ) 33...exf4 34.gxf4 f5 $2 {[%c_effect f5;square;f5;type;Mistake;persistent;true] From now on Black starts to lose the advantage.} ( 34...Qh5 $1 {[%c_effect h5;square;h5;type;GreatFind;persistent;true] is devastating. Black threatens an invasion with the queen on e2.} 35.Re1 Qh3 {The white pieces are paralyzed, and the position will soon collapse. A possible plan is to advance b5-b4 and create more weaknesses. Black can prepare this plan by moving the rook from a3 to a8 first. White's pawn structure is horrible.} ) 35.exf5 Bxf5 36.Nxf5 Qxf5 37.Ne4 {Now White is back in the game.} 37...Ne7 ( 37...Qxf4 38.Qg2 $5 {[%c_effect g2;square;g2;type;Interesting;persistent;true] and Black needs to start watching out for the attack White can generate after bringing the rooks to the game.} ) 38.Qf2 Ng6 39.Qxc5 Qxc5 40.Nxc5 Nxf4 41.Ra1 {The position is simplified and with a great tendency for a draw. The players decide to call it a day.} 1/2-1/2

[Event "E World Team Championship Playoffs 2"]
[Site "Chess.com"]
[Date "2022.11.23"]
[Round "2"]
[White "Vokhidov, Shamsiddin"]
[Black "Volokitin, Andrei"]
[Result "1-0"]
[WhiteElo "2568"]
[BlackElo "2663"]
[ECO "B51"]
[EventDate "2022.??.??"]
[Annotator "rafael"]
[PlyCount "69"]
[Beauty "8043265801237"]
[EventType "game"]
[EventCountry "FID"]
[TimeControl "2700+10"]

1.e4 c5 2.Nf3 d6 3.Bb5+ Nd7 {This and 3...Bd7 are the most popular moves. My old favorite, 3... Nc6, is not enough for equality.} 4.a4 {White has many possible plans in this system. This is one of the popular choices right now. The pawn push is useful because the bishop will go back after a7-a6, and Black will not have the chance to play b7-b5.} 4...Nf6 5.Nc3 a6 6.Be2 g6 7.O-O Bg7 8.d4 {This natural move brings back the typical Open Sicilian pawn structure. I like it, but for some reason, it's not the most popular.} ( 8.a5 O-O 9.d3 {Some very strong players prefer this more restrained plan.} ) 8...cxd4 9.Nxd4 b6 ( 9...O-O {is played more often.} 10.Be3 {with chances for both sides in this typical position.} ) 10.Nc6 $1 {[%c_effect c6;square;c6;type;GreatFind;persistent;true] A new and interesting move, exploiting the weakness of the c6-square to improve the knight's position.} ( 10.f4 $6 {[%c_effect f4;square;f4;type;Inaccuracy;persistent;true] gave nothing for White after:} 10...Bb7 11.Bf3 Qc7 {Blatov - Kadatsky, Samara 2007.} ) 10...Qc7 11.Nb4 Bb7 12.Nbd5 {The knight completes its journey. Of course, it's not the end of the world for Black.} 12...Qd8 13.Be3 O-O 14.Qd2 e6 {It's necessary to remove the unpleasant knight.} 15.Nxf6+ Nxf6 16.Bf3 Qc7 17.Rfd1 Rfd8 {The opening play was natural and good for both sides. White might have a tiny advantage, but nothing serious. In any case, the next move is not the most accurate, since Black manages to equalize completely. This is a good moment to look for an improvement.} 18.Bd4 ( 18.Bg5 {This looks like a good move, preparing Qf4.} 18...Rd7 $1 {[%c_effect d7;square;d7;type;GreatFind;persistent;true] Getting out of the pin. It's not clear how White can improve the position now.} ) ( 18.Bf4 $5 Ne8 19.Ra3 {is another possible try. White forces the opponent's knight into a passive position. Ra3 is necessary to protect the c3-knight and also to attack the queenside with Rb3.} ) 18...d5 $1 {[%c_effect d5;square;d5;type;GreatFind;persistent;true] The classical Sicilian break solves Black's problems.} 19.exd5 Nxd5 20.Bxd5 ( 20.Nxd5 {leads to a nearly drawn position after} 20...Bxd5 21.Bxg7 Kxg7 ( 21...Bxf3 $2 {[%c_effect f3;square;f3;type;Mistake;persistent;true] Not this one...} 22.Qh6 $1 Bxd1 $2 23.Bf6 {and White mates.} ) 22.Bxd5 Rxd5 23.Qe2 ) 20...Bxd5 21.Qe3 Bxd4 22.Rxd4 Bb7 23.Rad1 {The position is balanced. While it's true that Black has a bishop against a knight in an open position with pawns on both sides, his dark squares near the king are somewhat weak, and White controls the only open file.} 23...Rxd4 24.Qxd4 Rc8 25.h4 h5 26.Rd2 b5 $1 {[%c_effect b5;square;b5;type;GreatFind;persistent;true] Exploiting a tactical idea to gain space on the queenside.} 27.axb5 axb5 28.f3 ( 28.Nxb5 $4 {[%c_effect b5;square;b5;type;Blunder;persistent;true] loses the knight after} 28...Qc6 {[%c_arrow c6g2;keyPressed;none;from;c6;opacity;0.8;to;g2;persistent;false,c6b5;keyPressed;none;from;c6;opacity;0.8;to;b5;persistent;false] because of the double threat (mate on g2 and taking the knight).} ) 28...e5 {I have a feeling that Volokitin, a very aggressive player, was playing for a win at this point. If he wanted a draw, he could achieve it without any trouble.} ( 28...Qc5 {is one of the paths to equality.} 29.Qxc5 Rxc5 30.Rd7 Bd5 $5 31.Nxd5 exd5 32.c3 b4 33.cxb4 Rb5 {with a draw.} ) 29.Qe3 Ra8 $2 {[%c_effect a8;square;a8;type;Mistake;persistent;true] But this move is already too ambitious and based on a miscalculation.} ( 29...Qc5 {was enough.} 30.Rd8+ Kg7 {with equality.} ) 30.Nxb5 $1 Ra1+ 31.Kh2 $1 ( 31.Kf2 Qc4 $1 {[%c_effect c4;square;c4;type;GreatFind;persistent;true] is a much better version for Black.} ) 31...Qc4 {This is Volokitin's idea. He threatens the c4-knight and the h4-pawn. Obviously, this looks very dangerous for Black as well since White can now exploit the weaknesses on the dark squares.} 32.Rd8+ Kh7 ( 32...Kg7 $2 33.Qxe5+ ) 33.Qg5 $1 {[%c_effect g5;square;g5;type;GreatFind;persistent;true] Defends h4 and prepares Qf6.} 33...Bxf3 $5 {[%c_effect f3;square;f3;type;Interesting;persistent;true] I'm curious to know whether this was planned in advance and White's next move was missed.} ( 33...Qxb5 $2 34.Qf6 ) 34.Nd4 $3 {[%c_effect d4;square;d4;type;Brilliant;persistent;true] This wonderful move is the only winning one. It's curious that yesterday's game of the day also featured a stunning knight move with the same tactical idea (obstruction or interference).} ( 34.gxf3 $2 Qxb5 35.Qf6 $2 Qe2+ ) ( 34.Qf6 $2 {[%c_effect f6;square;f6;type;Mistake;persistent;true] Black has a devastating tactical blow after this obvious try.} 34...Rh1+ $1 35.Kxh1 ( 35.Kg3 Qg4+ ) 35...Qf1+ 36.Kh2 Qxg2# ) ( 34.Nd6 {leads only to perpetual check after} 34...Qf1 35.Rh8+ Kxh8 36.Qf6+ Kg8 37.Qxf7+ Kh8 ) 34...Be4 ( 34...exd4 {Now White demonstrates the point of the knight sacrifice with an accurate move.} 35.Qe5 $1 {[%c_effect e5;square;e5;type;GreatFind;persistent;true] Black cannot avoid mate.} ( 35.Qf6 $4 {[%c_effect f6;square;f6;type;Blunder;persistent;true] But not this one—always pay attention to your opponent's resources.} 35...Qc7+ ) 35...f6 36.Qe7+ Kh6 37.Rh8# ) 35.Qf6 1-0

[Event "Speed Chess Championship 2022 - Evento"]
[Site "Chess.com"]
[Date "2022.11.30"]
[Round "1"]
[White "Aronian, Levon"]
[Black "Andreikin, Dmitry"]
[Result "1-0"]
[WhiteElo "2735"]
[BlackElo "2729"]
[ECO "C09"]
[EventDate "2022.??.??"]
[Annotator "rafael"]
[PlyCount "91"]
[Beauty "7289633253961"]
[EventType "team-tourn"]
[TimeControl "180+1"]

1.e4 c5 2.Nf3 e6 3.c3 d5 4.exd5 exd5 5.d4 Nc6 6.Bb5 Bd6 {This system is a reliable way of meeting White's anti-Sicilian choice, as long as you don't mind an isolated queen's pawn, a position that can also arise from the French Defense.} 7.O-O Ne7 8.dxc5 Bxc5 9.Nbd2 O-O 10.Nb3 Bb6 11.h3 {This natural move doesn't seem the most accurate here. I prefer 11.Re1, as the f3-knight's pin isn't very dangerous.} ( 11.Re1 $1 Bg4 12.Be3 Bxe3 13.Rxe3 Nf5 14.Re1 Nh4 15.Be2 $1 {[%c_effect e2;square;e2;type;GreatFind;persistent;true] and White can fight for a small advantage.} ) 11...Qd6 12.Re1 Nf5 {Andreikin is a fantastic blitz player, and one of his strengths is that he is very practical and doesn't get into unnecessary trouble. For a more romantic heart, it would be hard to resist the temptation to sacrifice the bishop on h3. In fact, some players have already succumbed to this temptation.} ( 12...Bxh3 $5 13.gxh3 Qg3+ 14.Kh1 Bxf2 {This looks scary, but White can defend and keep an advantage, for instance:} 15.Rf1 Nf5 ( 15...Qxh3+ 16.Nh2 Bg3 17.Qe2 ) 16.Nh2 $1 Qh4 17.Qf3 Ng3+ 18.Kg2 Nxf1 19.Qxf2 $1 Qxf2+ 20.Kxf2 Nxh2 21.Bf4 {With some advantage in the endgame, since the bishops are stronger than a rook and two pawns.} ) 13.Bd3 Bc7 ( 13...Bd7 {is also possible.} ) 14.Bxf5 $6 {[%c_effect f5;square;f5;type;Inaccuracy;persistent;true] After this move, Black gets the bishop pair and finishes development easily.} ( 14.Qc2 $1 {[%c_effect c2;square;c2;type;GreatFind;persistent;true] is better and was tested in a game by two legendary players.} 14...g6 15.g3 $1 Bb6 16.Bf4 Qf6 {with a small advantage for White in Beliavsky - Vaganian, Sochi 1986.} ) 14...Bxf5 15.Be3 b6 $1 {[%c_effect b6;square;b6;type;GreatFind;persistent;true] Avoiding 16.Bc5.} 16.Nbd4 Nxd4 17.Bxd4 f6 $1 {[%c_effect f6;square;f6;type;GreatFind;persistent;true] Avoiding 18.Be5.} 18.Be3 {Aronian anticipates Black's plan to place a bishop on e4.} 18...Be4 19.g3 Qd7 20.Nd2 $2 {[%c_effect d2;square;d2;type;Mistake;persistent;true] White misses a difficult tactical shot for a blitz game.} ( 20.Bf4 $1 {[%c_effect f4;square;f4;type;GreatFind;persistent;true] solves White's problems since he can exploit the pin after} 20...Bxf4 $6 21.Rxe4 $1 ) 20...Bg6 21.h4 Rae8 22.Qf3 Qb5 $6 {[%c_effect b5;square;b5;type;Inaccuracy;persistent;true] It's better to create some space for the g6-bishop.} ( 22...h6 23.Bf4 Be5 $1 {[%c_effect e5;square;e5;type;GreatFind;persistent;true] Black is better because of the light-square weaknesses around White's king.} ) 23.Nb3 $6 ( 23.h5 $1 {[%c_effect h5;square;h5;type;GreatFind;persistent;true] is the best way to generate counterplay, for instance:} 23...Bf7 24.h6 $1 Qxb2 25.hxg7 Kxg7 26.Nb3 {The knight is heading to d4, and White has compensation for the pawn.} ) 23...Be4 24.Qe2 Qd7 25.Kh2 {Black has a clear advantage with the bishops pointing to White's unprotected king. In a classical game, Andreikin would certainly convert his advantage, but many things can happen in a blitz game.} 25...f5 ( 25...g5 $1 {[%c_effect g5;square;g5;type;GreatFind;persistent;true] is the best way to destroy the king's protection.} 26.hxg5 fxg5 27.Nd2 Bf5 {with a strong attack.} ) 26.f4 $1 Rf6 27.Nd4 ( 27.Nd2 $1 {[%c_effect d2;square;d2;type;GreatFind;persistent;true] is a better chance.} 27...Rfe6 28.Nxe4 Rxe4 29.Qd3 {with a small advantage for Black.} ) 27...Rh6 28.Nf3 Qe7 $6 ( 28...Bxf3 $1 {[%c_effect f3;square;f3;type;GreatFind;persistent;true] When you have such a strong bishop, it's really hard to make this exchange. But this is the best way to attack the white king.} 29.Qxf3 g5 $1 30.fxg5 Rxh4+ 31.Kg2 Rg4 32.Bf2 Ree4 {with a clear advantage.} ) 29.Ng5 $2 {[%c_effect g5;square;g5;type;Mistake;persistent;true] This allows a brilliant tactical move.} ( 29.Bf2 {is better, defending everything for now.} ) 29...Qxg5 $3 30.fxg5 Rxh4+ 31.Kg1 Bxg3 $2 {[%c_effect g3;square;g3;type;Mistake;persistent;true] Andreikin gets carried away with the idea of mating. There is no direct win—he should have gone for a better endgame.} ( 31...Rh1+ 32.Kf2 Rh2+ 33.Kf1 Rxe2 34.Rxe2 Bxg3 {With two pawns for the exchange, a monster bishop on e4, and the plan of Kf7-g6, Black is much better.} ) 32.Kf1 {Now there is no mate, and as a wise man once said: \"A queen is a queen.\"} 32...Rh2 ( 32...f4 {is an interesting try, but White keeps a winning advantage after} 33.Qb5 $1 Rf8 34.Bd4 Rh1+ 35.Bg1 f3 36.Rxe4 $1 dxe4 37.Qd5+ Kh8 38.Qxe4 ) 33.Qb5 Rf8 34.Re2 Rh1+ 35.Bg1 f4 36.Rxe4 $1 {[%c_effect e4;square;e4;type;GreatFind;persistent;true] Now the attack is over.} 36...dxe4 37.Kg2 Rh4 38.Qd5+ Kh8 39.Rf1 Rg4 40.Kh3 Rh4+ 41.Kg2 Rg4 42.Qe6 ( 42.Qxe4 {is also good.} 42...f3+ 43.Rxf3 $1 ) 42...Rxg5 43.Qxe4 h6 44.Kf3 Rd8 45.Bd4 Rf8 46.Rh1 1-0